 Dungeon Crawl Stone Soup version 0.24-a0-630-g0d56a851f4 (webtiles) character file.

Game seed: 13303295805402515539, levelgen mode: deterministic

42 Peloso the Shield-Bearer (level 3, -1/33 HPs)
             Began as a Minotaur Fighter on Sept 20, 2019.
             Slain by Sigmund
             ... wielding a +0 scythe
              (7 damage)
             ... on level 2 of the Dungeon.
             The game lasted 00:01:41 (685 turns).

Peloso the Shield-Bearer (Minotaur Fighter)          Turns: 685, Time: 00:01:42

Health: -1/33      AC:  7    Str: 20    XL:     3   Next: 33%
Magic:  2/2        EV:  7    Int:  5    God:
Gold:   10         SH:  9    Dex: 10    Spells: 2/2 levels left

rFire    . . .     SeeInvis .   a - +0 long sword
rCold    . . .     Gourm    .   c - +0 shield
rNeg     . . .     Faith    .   b - +0 scale mail
rPois    .         Spirit   .   (helmet restricted)
rElec    .         Reflect  .   (no cloak)
rCorr    .         Harm     .   (no gloves)
MR       .....                  (no boots)
Stlth    ..........             (no amulet)
HPRegen  0.11/turn              (no ring)
MPRegen  0.08/turn              (no ring)

@: no status effects
A: retaliatory headbutt, horns 2
a: no special abilities


You were on level 2 of the Dungeon.
You were not hungry.

You visited 1 branch of the dungeon, and saw 2 of its levels.

You collected 10 gold pieces.

Inventory:

Hand Weapons
 a - a +0 long sword (weapon)
Armour
 b - a +0 scale mail (worn)
 c - a +0 shield (worn)
Jewellery
 i - a +1 ring of evasion {unknown}
 j - a +2 ring of protection {unknown}
Scrolls
 g - a scroll of remove curse {unknown}
 h - a scroll of identify {unknown}
 k - a scroll of amnesia {unknown}
Potions
 d - a potion of might
 e - a potion of curing {unknown}
Comestibles
 f - 3 rations


   Skills:
 + Level 4.0 Fighting
 + Level 3.4 Long Blades
 + Level 4.0 Armour
 + Level 4.1 Shields


You had 2 spell levels left.
You didn't know any spells.
Your spell library was empty.

Dungeon Overview and Level Annotations

Branches:
Dungeon (2/15)

Altars:

Annotations:
D:2 Sigmund


Innate Abilities, Weirdness & Mutations

You reflexively headbutt those who attack you in melee.
You have a pair of horns on your head.


Message History

The goblin hits you but does no damage.
The quokka twitches its whiskers.
Something hits you but does no damage. The goblin barely misses you.
You miss something. Your headbutt misses something.
The goblin hits you but does no damage. Something hits you.
The quokka twitches its whiskers.
The quokka bites you but does no damage.
Unknown command.
You bump into the rock wall.
The goblin hits you but does no damage.
The quokka bites you but does no damage.
Something hits you.
* * * LOW HITPOINT WARNING * * *
Unknown command.
You barely miss something.
You feel less confused. You block the goblin's attack.
The quokka closely misses you.
You riposte.
You miss the quokka. You headbutt the quokka.
The quokka is moderately wounded.
You block the goblin's attack. Something hits you!
You die...

### ### #.. ..# #.# #.#
#.# #.# #### ###.#
#$###..?. ....#
##.#...# ###.##
##r...#.# ##...##
#.g.....#
#.....#########.@...#.#
.)..................#
.)..............#####
(#...#########.##
)##..# #.# .##<.# #.#
.##..# #.# .##### #.#
## #.#


You could see a quokka and a goblin.

Vanquished Creatures
  A worm (D:2)
  A leopard gecko (D:1)
  A ball python (D:1)
  A giant cockroach (D:2)
  A goblin (D:1)
  7 hobgoblins
  4 jackals (D:2)
  9 kobolds
  A quokka (D:2)
  A bat (D:1)
  3 frilled lizards (D:1)
  2 rats
32 creatures vanquished.

Notes
Turn   | Place    | Note
-------+----------+-------------------------------------------
     0 | D:1      | Peloso the Minotaur Fighter began the quest for the Orb.
     0 | D:1      | Reached XP level 1. HP: 19/19 MP: 0/0
   234 | D:1      | Reached XP level 2. HP: 23/27 MP: 1/1
   454 | D:2      | Reached XP level 3. HP: 29/33 MP: 2/2
   580 | D:2      | Noticed Sigmund
   685 | D:2      | Slain by Sigmund

Levels and vault maps discovered:
D:1:      dpeg_arrival_arbitrary_b, layout_basic, minmay_tromino_i2
D:2:      layout_loops_ring, first_ration, uniq_sigmund, uniq_crazy_yiuf_cottage

Skill      XL: |  1  2  3 |
---------------+----------+-----
Shields        | 4 |  4.1
Fighting       | 4 |  4.0
Long Blades    | 3 |  3.4
Armour         | 4 |  4.0

Action                   || total
-------------------------++-------
Melee: Long sword        ||    64
       Headbutt          ||     8
  Use: Potion            ||     1
Armor: Scale mail        ||    36
Dodge: Dodged            ||    31
Block: Shield            ||    35
       Rpst.: Long sword ||     7

Table legend:
 A = Non-vault XP
 B = Vault XP
 C = Vault XP percentage of total XP
 D = Non-vault monster count
 E = Vault monster count
 F = Vault count percentage of total count
                 A         B        C        D         E       F
            +---------+---------+-------+---------+---------+-------
      Total |      56 |       4 |   6.7 |      30 |       2 |   6.2
            +---------+---------+-------+---------+---------+-------
        D:1 |      27 |       4 |  12.9 |      16 |       2 |  11.1
        D:2 |      29 |       0 |   0.0 |      14 |       0 |   0.0
            +---------+---------+-------+---------+---------+-------
